TOP OF THE 1ST |
Mahoning Valley Scrappers batting - Pitching for Spokane Indians : LHP Valery Sahanov
|
Pitching: LHP Valery Sahanov
|
|
Batting: RHB Kenzo Shinoda
|
0-0: Called Strike 0-1: Ball 1-1: Called Strike 1-2: Strikes out swinging
|
Batting: LHB Shane Montalvo
|
0-0: Ball 1-0: Foul Ball, location: 2F 1-1: Called Strike 1-2: Foul Ball, location: 2F 1-2: Ball 2-2: Ground out 1-3 (Groundball, 15, EV 70.6 MPH)
|
Batting: RHB Andy Lewis
|
0-0: Ball 1-0: SINGLE (Line Drive, 89M, EV 98.8 MPH)
|
Batting: LHB Jeff Palmowski
|
0-0: Ball 1-0: Called Strike 1-1: Swinging Strike 1-2: Ball 2-2: Strikes out swinging
|
Top of the 1st over - 0 runs, 1 hit, 0 errors, 1 left on base; Mahoning Valley 0 - Spokane 0 |
BOTTOM OF THE 1ST |
Spokane Indians batting - Pitching for Mahoning Valley Scrappers : LHP Oscar Moreno
|
Pitching: LHP Oscar Moreno
|
|
Batting: RHB Reilly Hawkins
|
0-0: Ball 1-0: Called Strike 1-1: Ball 2-1: Foul Ball, location: 2F 2-2: Strikes out looking
|
Batting: RHB Jason Savage
|
0-0: Ball 1-0: Ball 2-0: Swinging Strike 2-1: Swinging Strike 2-2: Foul Ball, location: 2F 2-2: Ball 3-2: Foul Ball, location: 2F 3-2: Base on Balls
|
Batting: RHB Jose Leon
|
0-0: Ball 1-0: Foul Ball, location: 2F 1-1: Grounds into double play, 4-6-3 (Groundball, 4, EV 95.6 MPH)
|
Bottom of the 1st over - 0 runs, 0 hits, 0 errors, 0 left on base; Mahoning Valley 0 - Spokane 0 |
TOP OF THE 2ND |
Mahoning Valley Scrappers batting - Pitching for Spokane Indians : LHP Valery Sahanov
|
Batting: RHB John Bianconi
|
0-0: SINGLE (Groundball, 6MD, EV 102.5 MPH)
|
Batting: RHB Jason Roberts
|
0-0: Ball 1-0: Called Strike 1-1: Swinging Strike 1-2: Strikes out swinging
|
Batting: RHB Luis Roman
|
Pickoff Throw to First - Out! 1-3 0-0: Ball 1-0: Swinging Strike 1-1: Ground out 5-3 (Groundball, 56S, EV 73.8 MPH)
|
Top of the 2nd over - 0 runs, 1 hit, 0 errors, 0 left on base; Mahoning Valley 0 - Spokane 0 |
BOTTOM OF THE 2ND |
Spokane Indians batting - Pitching for Mahoning Valley Scrappers : LHP Oscar Moreno
|
Batting: RHB Orlando Melchor
|
0-0: SINGLE (Line Drive, 6D, EV 95.0 MPH)
|
Batting: RHB Rafael Medina
|
0-0: Ball Orlando Melchor steals 2nd base 1-0: 2-RUN HOME RUN (Flyball, 78XD, EV 99.4 MPH), Distance : 400 ft
|
Batting: RHB Luis Reyna
|
0-0: Ball 1-0: Ball 2-0: Called Strike 2-1: Ball 3-1: SINGLE (Line Drive, 9S, EV 106.9 MPH)
|
Batting: SHB Santos Renteria
|
0-0: Called Strike 0-1: Foul Ball, location: 2F 0-2: Ball Luis Reyna steals 2nd base (no throw) 1-2: Foul Ball, location: 2F 1-2: Ground out 4-3 (Groundball, 4, EV 95.6 MPH) Luis Reyna to third
|
Batting: RHB Darnell Jones
|
0-0: Ball 1-0: Ball 2-0: Ball 3-0: Swinging Strike 3-1: Foul Ball, location: 2F 3-2: Strikes out swinging
|
Batting: LHB Dave Doughty
|
0-0: Ground out 4-3 (Groundball, 4, EV 86.2 MPH)
|
Bottom of the 2nd over - 2 runs, 3 hits, 0 errors, 1 left on base; Mahoning Valley 0 - Spokane 2 |
TOP OF THE 3RD |
Mahoning Valley Scrappers batting - Pitching for Spokane Indians : LHP Valery Sahanov
|
Batting: SHB Javon Mitchell
|
0-0: Ball 1-0: Foul Ball, location: 2F 1-1: Ball 2-1: Ball 3-1: Swinging Strike 3-2: Strikes out swinging
|
Batting: SHB Jay Rook
|
0-0: Foul Ball, location: 2F 0-1: Ball 1-1: Ball 2-1: Ball 3-1: Foul Ball, location: 2F 3-2: Base on Balls
|
Batting: RHB Kenzo Shinoda
|
0-0: Ball 1-0: Ball 2-0: Ball 3-0: Called Strike 3-1: Called Strike 3-2: Foul Ball, location: 2F 3-2: Foul Ball, location: 2F 3-2: SINGLE (Groundball, 4M, EV 101.2 MPH) (infield hit) Jay Rook to second
|
Batting: LHB Shane Montalvo
|
0-0: Foul Ball, location: 2F 0-1: Foul Ball, location: 2F 0-2: Ball 1-2: Foul Ball, location: 2F 1-2: Strikes out swinging
|
Batting: RHB Andy Lewis
|
0-0: Swinging Strike 0-1: Foul Ball, location: 2F 0-2: Strikes out swinging
|
Top of the 3rd over - 0 runs, 1 hit, 0 errors, 2 left on base; Mahoning Valley 0 - Spokane 2 |
BOTTOM OF THE 3RD |
Spokane Indians batting - Pitching for Mahoning Valley Scrappers : LHP Oscar Moreno
|
Batting: RHB Reilly Hawkins
|
0-0: Ball 1-0: Foul Ball, location: 2F 1-1: Ground out 4-3 (Groundball, 4, EV 106.2 MPH)
|
Batting: RHB Jason Savage
|
0-0: Ball 1-0: SOLO HOME RUN (Flyball, 7LD, EV 91.9 MPH), Distance : 332 ft
|
Batting: RHB Jose Leon
|
0-0: Ball 1-0: Hit by Pitch
|
Batting: RHB Orlando Melchor
|
0-0: Ball 1-0: Foul Ball, location: 2F 1-1: Ball 2-1: Foul Ball, location: 2F 2-2: SINGLE (Groundball, 56D, EV 105.0 MPH) Jose Leon to second
|
Batting: RHB Rafael Medina
|
0-0: Called Strike 0-1: Ball 1-1: Swinging Strike 1-2: Ball 2-2: SINGLE (Groundball, 5S, EV 68.1 MPH) (infield hit) Jose Leon to third Orlando Melchor to second
|
Batting: RHB Luis Reyna
|
0-0: Ball 1-0: Foul Ball, location: 2F 1-1: Ball 2-1: Fly out, F7 (Line Drive, 7LM, EV 101.2 MPH)
|
Batting: SHB Santos Renteria
|
0-0: Ball 1-0: Ball 2-0: Ball Wild Pitch! Jose Leon scores Orlando Melchor to third Rafael Medina to second 3-0: Called Strike 3-1: Base on Balls
|
Batting: RHB Darnell Jones
|
0-0: Foul Ball, location: 2F 0-1: Foul Ball, location: 2F 0-2: Strikes out swinging
|
Bottom of the 3rd over - 2 runs, 3 hits, 0 errors, 3 left on base; Mahoning Valley 0 - Spokane 4 |
TOP OF THE 4TH |
Mahoning Valley Scrappers batting - Pitching for Spokane Indians : LHP Valery Sahanov
|
Batting: LHB Jeff Palmowski
|
0-0: Ball 1-0: DOUBLE (Line Drive, 78XD, EV 103.8 MPH)
|
Batting: RHB John Bianconi
|
0-0: Ground out 4-3 (Groundball, 34, EV 103.8 MPH) Jeff Palmowski to third
|
Batting: RHB Jason Roberts
|
0-0: Foul Ball, location: 2F 0-1: Fly out, F7 (Flyball, 78M, EV 84.4 MPH)
|
Batting: RHB Luis Roman
|
0-0: Called Strike 0-1: Foul Ball, location: 2F 0-2: Ball 1-2: Ball 2-2: Strikes out swinging
|
Top of the 4th over - 0 runs, 1 hit, 0 errors, 1 left on base; Mahoning Valley 0 - Spokane 4 |
BOTTOM OF THE 4TH |
Spokane Indians batting - Pitching for Mahoning Valley Scrappers : LHP Oscar Moreno
|
Batting: LHB Dave Doughty
|
0-0: Ball 1-0: Called Strike 1-1: Fly out, F5 (Popup, 5S, EV 90.6 MPH)
|
Batting: RHB Reilly Hawkins
|
0-0: Foul Ball, location: 2F 0-1: Foul Ball, location: 2F 0-2: Ball 1-2: Foul Ball, location: 2F 1-2: Ball 2-2: SINGLE (Groundball, 56, EV 106.2 MPH)
|
Batting: RHB Jason Savage
|
0-0: SINGLE (Line Drive, 78M, EV 94.4 MPH) Reilly Hawkins to second
|
Pitching: RHP Ian Nordquist
|
|
Batting: RHB Jose Leon
|
0-0: Ball 1-0: Foul Ball, location: 2F 1-1: Called Strike Balk! Reilly Hawkins to third Jason Savage to second 1-2: Ball 2-2: Strikes out swinging
|
Batting: RHB Orlando Melchor
|
0-0: Called Strike 0-1: Ground out 6-3 (Groundball, 6M, EV 87.5 MPH)
|
Bottom of the 4th over - 0 runs, 2 hits, 0 errors, 2 left on base; Mahoning Valley 0 - Spokane 4 |
TOP OF THE 5TH |
Mahoning Valley Scrappers batting - Pitching for Spokane Indians : LHP Valery Sahanov
|
Batting: SHB Javon Mitchell
|
0-0: Foul Ball, location: 2F 0-1: Ball 1-1: Fly out, F8 (Flyball, 8RXD, EV 84.4 MPH)
|
Batting: SHB Jay Rook
|
0-0: Foul Ball, location: 2F 0-1: Ball 1-1: Ball 2-1: Foul Ball, location: 2F 2-2: Strikes out swinging
|
Batting: RHB Kenzo Shinoda
|
0-0: Ball 1-0: Ball 2-0: Ball 3-0: Base on Balls
|
Batting: LHB Shane Montalvo
|
0-0: Called Strike Kenzo Shinoda is caught stealing 2nd base 2-6
|
Top of the 5th over - 0 runs, 0 hits, 0 errors, 0 left on base; Mahoning Valley 0 - Spokane 4 |
BOTTOM OF THE 5TH |
Spokane Indians batting - Pitching for Mahoning Valley Scrappers : RHP Ian Nordquist
|
Batting: RHB Rafael Medina
|
0-0: Ball 1-0: Ball 2-0: Called Strike 2-1: DOUBLE (Line Drive, 7LM, EV 104.4 MPH)
|
Batting: RHB Luis Reyna
|
0-0: Ball 1-0: Ball 2-0: Foul Ball, location: 2F 2-1: Foul Ball, location: 2F 2-2: Fly out, F9 (Flyball, 9LM, EV 84.4 MPH)
|
Batting: SHB Santos Renteria
|
0-0: Called Strike 0-1: Ground out 4-3 (Groundball, 34, EV 78.8 MPH) Rafael Medina to third
|
Pitching: RHP Chris Cohen
|
|
Batting: RHB Darnell Jones
|
0-0: Fly out, F8 (Flyball, 89XD, EV 97.5 MPH)
|
Bottom of the 5th over - 0 runs, 1 hit, 0 errors, 1 left on base; Mahoning Valley 0 - Spokane 4 |
TOP OF THE 6TH |
Mahoning Valley Scrappers batting - Pitching for Spokane Indians : LHP Valery Sahanov
|
Batting: LHB Shane Montalvo
|
0-0: Ball 1-0: Foul Ball, location: 2F 1-1: SINGLE (Groundball, 4MD, EV 100.6 MPH)
|
Batting: RHB Andy Lewis
|
0-0: Swinging Strike 0-1: Ball 1-1: Called Strike 1-2: Strikes out swinging
|
Batting: LHB Jeff Palmowski
|
0-0: Ball 1-0: Swinging Strike 1-1: Called Strike 1-2: Ball 2-2: Strikes out swinging
|
Pitching: RHP Scott Voss
|
|
Batting: RHB John Bianconi
|
0-0: Ball 1-0: Ball 2-0: Called Strike 2-1: Ground out 5-3 (Groundball, 56S, EV 85.0 MPH)
|
Top of the 6th over - 0 runs, 1 hit, 0 errors, 1 left on base; Mahoning Valley 0 - Spokane 4 |
BOTTOM OF THE 6TH |
Spokane Indians batting - Pitching for Mahoning Valley Scrappers : RHP Chris Cohen
|
Batting: LHB Dave Doughty
|
0-0: Fly out, F8 (Flyball, 8RM, EV 95.0 MPH)
|
Batting: RHB Reilly Hawkins
|
0-0: Ball 1-0: Ball 2-0: SINGLE (Line Drive, 4M, EV 96.9 MPH)
|
Batting: RHB Jason Savage
|
0-0: Ball Reilly Hawkins steals 2nd base 1-0: Ball Reilly Hawkins steals 3rd base 2-0: Ball 3-0: Called Strike 3-1: Base on Balls
|
Batting: RHB Jose Leon
|
0-0: 3-RUN HOME RUN (Flyball, 7D, EV 98.8 MPH), Distance : 359 ft
|
Batting: RHB Orlando Melchor
|
0-0: Called Strike 0-1: Foul Ball, location: 2F 0-2: Ball 1-2: Ball 2-2: Ball 3-2: Base on Balls
|
Batting: RHB Rafael Medina
|
0-0: Ball Passed Ball! Orlando Melchor to second 1-0: Ball 2-0: Ball 3-0: Base on Balls
|
Batting: RHB Luis Reyna
|
0-0: Fly out, F7 (Flyball, 78M, EV 90.0 MPH)
|
Batting: SHB Santos Renteria
|
0-0: Hit by Pitch Orlando Melchor to third Rafael Medina to second
|
Batting: RHB Darnell Jones
|
0-0: Ground out 6-3 (Groundball, 6MS, EV 93.1 MPH)
|
Bottom of the 6th over - 3 runs, 2 hits, 0 errors, 3 left on base; Mahoning Valley 0 - Spokane 7 |
TOP OF THE 7TH |
Mahoning Valley Scrappers batting - Pitching for Spokane Indians : RHP Scott Voss
|
Batting: RHB Jason Roberts
|
0-0: Ball 1-0: Called Strike 1-1: Ball 2-1: Ball 3-1: Called Strike 3-2: Fly out, F7 (Flyball, 7S, EV 83.1 MPH)
|
Batting: RHB Luis Roman
|
0-0: Ball 1-0: Foul Ball, location: 2F 1-1: Fly out, F8 (Line Drive, 8RD, EV 88.8 MPH)
|
Pinch Hitting: RHB Mike Persinger
|
0-0: Called Strike 0-1: Called Strike 0-2: Ball 1-2: Strikes out looking
|
Top of the 7th over - 0 runs, 0 hits, 0 errors, 0 left on base; Mahoning Valley 0 - Spokane 7 |
BOTTOM OF THE 7TH |
Spokane Indians batting - Pitching for Mahoning Valley Scrappers : RHP Chris Cohen
|
Now at 2B: Mike Persinger
|
|
Now at SS: Andy Lewis
|
|
Batting: LHB Dave Doughty
|
0-0: Ball 1-0: Ball 2-0: Foul Ball, location: 2F 2-1: Swinging Strike 2-2: Ball 3-2: Base on Balls
|
Pinch Hitting: RHB Mike Trujillo
|
0-0: Ball 1-0: Ball 2-0: Called Strike 2-1: Foul Ball, location: 2F 2-2: Ball 3-2: Base on Balls Dave Doughty to second
|
Pinch Hitting: RHB Zach Koblinski
|
0-0: Ball 1-0: Foul Ball, location: 2F 1-1: SINGLE (Line Drive, 4D, EV 96.9 MPH) Dave Doughty to third Mike Trujillo to second
|
Batting: RHB Jose Leon
|
0-0: Ball 1-0: Called Strike 1-1: Ball 2-1: Ball 3-1: Base on Balls Dave Doughty scores Mike Trujillo to third Zach Koblinski to second
|
Pinch Hitting: LHB Antonio Domingues
|
0-0: Called Strike 0-1: Ball Wild Pitch! Mike Trujillo scores Zach Koblinski to third Jose Leon to second 1-1: Ball 2-1: Swinging Strike 2-2: Ball 3-2: 3-RUN HOME RUN (Flyball, 9D, EV 100.6 MPH) (Inside the Park)
|
Pitching: RHP Esteban Cordova
|
|
Pinch Hitting: RHB Steve Haskins
|
0-0: Ball 1-0: Ball 2-0: Ball 3-0: Called Strike 3-1: Base on Balls
|
Batting: RHB Luis Reyna
|
Balk! Steve Haskins to second 0-0: Fly out, F8 (Flyball, 8RD, EV 94.4 MPH)
|
Batting: SHB Santos Renteria
|
0-0: Ball Balk! Steve Haskins to third 1-0: Ball Wild Pitch! Steve Haskins scores 2-0: Foul Ball, location: 2F 2-1: Foul Ball, location: 2F 2-2: Ball 3-2: Strikes out swinging, 2-3 out at first.
|
Batting: RHB Darnell Jones
|
0-0: Ground out 6-3 (Groundball, 6S, EV 88.1 MPH)
|
Bottom of the 7th over - 6 runs, 2 hits, 0 errors, 0 left on base; Mahoning Valley 0 - Spokane 13 |
TOP OF THE 8TH |
Mahoning Valley Scrappers batting - Pitching for Spokane Indians : RHP Scott Voss
|
Now at 2B: Darnell Jones
|
|
Now at 3B: Steve Haskins
|
|
Now at SS: Zach Koblinski
|
|
Now in LF: Antonio Domingues
|
|
Now in CF: Mike Trujillo
|
|
Batting: SHB Jay Rook
|
0-0: Ball 1-0: Ball 2-0: Foul Ball, location: 2F 2-1: Called Strike 2-2: Foul Ball, location: 2F 2-2: Ball 3-2: Strikes out swinging
|
Pinch Hitting: LHB Chris Morgan
|
0-0: Ball 1-0: Ball 2-0: Swinging Strike 2-1: Ball 3-1: Swinging Strike 3-2: Foul Ball, location: 2F 3-2: Strikes out swinging
|
Batting: LHB Shane Montalvo
|
0-0: Called Strike 0-1: Swinging Strike 0-2: Ball 1-2: Ground out 4-3 (Groundball, 4, EV 97.5 MPH)
|
Top of the 8th over - 0 runs, 0 hits, 0 errors, 0 left on base; Mahoning Valley 0 - Spokane 13 |
BOTTOM OF THE 8TH |
Spokane Indians batting - Pitching for Mahoning Valley Scrappers : RHP Esteban Cordova
|
Now in CF: Ighlas Mwara
|
|
Batting: LHB Dave Doughty
|
0-0: Foul Ball, location: 2F 0-1: Foul Ball, location: 2F 0-2: Fly out, F8 (Line Drive, 8LM, EV 92.5 MPH)
|
Batting: RHB Mike Trujillo
|
0-0: Foul Ball, location: 2F 0-1: Ball 1-1: Fly out, F6 (Popup, 6S, EV 63.8 MPH)
|
Batting: RHB Zach Koblinski
|
0-0: Ball 1-0: Ground out 4-3 (Groundball, 4, EV 101.2 MPH)
|
Bottom of the 8th over - 0 runs, 0 hits, 0 errors, 0 left on base; Mahoning Valley 0 - Spokane 13 |
TOP OF THE 9TH |
Mahoning Valley Scrappers batting - Pitching for Spokane Indians : RHP Scott Voss
|
Pitching: RHP Torsten Fisher
|
|
Batting: RHB Andy Lewis
|
0-0: Fly out, F9 (Flyball, 9LSF, EV 91.2 MPH)
|
Batting: LHB Jeff Palmowski
|
0-0: Foul Ball, location: 2F 0-1: Foul Ball, location: 2F 0-2: Foul Ball, location: 2F 0-2: Foul Ball, location: 2F 0-2: Ball 1-2: Ball 2-2: Strikes out looking
|
Batting: RHB John Bianconi
|
0-0: Called Strike 0-1: SINGLE (Flyball, 56D, EV 91.9 MPH)
|
Batting: RHB Jason Roberts
|
0-0: Ball 1-0: Ball 2-0: Ground out 3-1 (Groundball, 34, EV 98.1 MPH)
|
Top of the 9th over - 0 runs, 1 hit, 0 errors, 1 left on base; Mahoning Valley 0 - Spokane 13 |
|